AoeStats
← TVHG.Demian

Oasis

508095007Analyzed
2v2 RM · 13d ago on Sep 20, 2026· 43m 20s· 4 players
Game mode
Random Map
Map size
Medium (4 player)
Population
200
Speed
Normal
Resources
Standard
Victory
Conquest
Starting age
Dark Age
Ending age
Imperial Age
RankedLock teamsTeams togetherTeam positionsShared explorationLock speedFull tech treeHidden civsTurbo modeCheats
Victory
Defeat
🇺🇸 Gurjaras · United States
1448
+13
🇺🇸 Slavs · United States
1411
+14
🇦🇷 Vietnamese · Argentina
1459
-17
🇦🇷 Vikings · Argentina
1290
-10
NNNNNB
8:18 Loom
10:41 Feudal Age
11:21 Horse Collar
11:34 Double-Bit Axe
18:41 Castle Age
17:04 Gold Mining
17:55 Man-at-Arms
18:48 Forging
19:47 Bow Saw
22:26 Gold Shaft Mining
22:29 Wheelbarrow
23:33 Husbandry
23:56 Squires
25:21 Bloodlines
25:18 Scale Barding Armor
26:47 Chain Barding Armor
30:54 Imperial Age
28:10 Town Watch
29:07 Hand Cart
28:52 Stone Mining
29:36 Heavy Plow
30:12 Long Swordsman
31:01 Scale Mail Armor
31:17 Caravan
30:59 Two-Handed Swordsman
31:59 Chain Mail Armor
31:24 Capped Ram
33:13 Plate Mail Armor
33:51 Two-Man Saw
34:25 Conscription
34:29 Champion
35:08 Pikeman
36:37 Crop Rotation
38:27 Chemistry
37:48 Ballistics
37:24 Murder Holes
37:11 Onager
38:46 Iron Casting
37:53 Cavalier
39:10 Plate Barding Armor
39:03 Halberdier
41:44 Heavy Scorpion
43:34 Masonry
43:36 Druzhina
Silence
4:14 Loom
9:04 Loom
11:20 Feudal Age
16:52 Castle Age
15:10 Double-Bit Axe
15:43 Horse Collar
18:07 Bow Saw
18:29 Heavy Plow
26:39 Gold Mining
28:15 Wheelbarrow
34:47 Imperial Age
33:20 Gold Shaft Mining
33:17 Scale Barding Armor
33:23 Forging
33:33 Kshatriyas
33:50 Husbandry
34:02 Bloodlines
34:47 Elite Shrivamsha Rider
35:50 Chain Barding Armor
36:06 Iron Casting
36:36 Conscription
36:43 Hand Cart
36:29 Town Watch
37:22 Plate Barding Armor
36:52 Heavy Camel Rider
38:38 Crop Rotation
38:50 Stone Mining
39:58 Masonry
41:48 Chemistry
40:21 Light Cavalry
41:21 Hussar
44:32 Stone Shaft Mining
43:50 Fletching
TVHG.Demian
1:00 Loom
11:43 Feudal Age
12:30 Double-Bit Axe
17:07 Castle Age
15:06 Double-Bit Axe
17:24 Gold Mining
18:09 Bow Saw
19:07 Scale Barding Armor
19:51 Forging
19:34 Horse Collar
26:14 Chain Barding Armor
28:50 Iron Casting
28:52 Heavy Plow
34:17 Imperial Age
31:35 Town Watch
32:40 Town Patrol
33:24 Gold Shaft Mining
32:40 Stone Mining
32:43 Fletching
33:44 Bodkin Arrow
34:52 Padded Archer Armor
38:18 Imperial Age
38:25 Imperial Age
35:25 Crossbowman
36:50 Scale Mail Armor
42:22 Chain Mail Armor
43:07 Blast Furnace
43:33 Plate Mail Armor
TheKillerSoap
7:14 Loom
9:17 Feudal Age
9:33 Man-at-Arms
13:18 Double-Bit Axe
17:46 Wheelbarrow
20:27 Castle Age
18:51 Stone Mining
19:24 Fletching
19:49 Horse Collar
20:12 Padded Archer Armor
21:21 Bow Saw
21:53 Gold Mining
23:18 Bodkin Arrow
24:55 Hand Cart
26:17 Town Watch
27:40 Leather Archer Armor
34:53 Imperial Age
32:39 Thumb Ring
35:24 Ballistics
35:41 Bracer
36:49 Chemistry
37:49 Two-Man Saw
39:04 Scale Mail Armor
39:15 Forging
41:19 Chain Mail Armor
41:38 Squires
41:27 Elite Fire Lancer
43:33 Plate Mail Armor
43:38 Iron Casting
Connection lost

Rejoining the realm…

Still unreachable

The connection could not be restored.

Session expired

The server has moved on; the page needs a fresh start.